 Dungeon Crawl Stone Soup version 0.30-a0-161-gdd60e06945 (webtiles) character file.

Game seed: 14978477773585408858

90410 qw the Severer (level 16, -1/90 HPs)
             Began as a Gargoyle Fighter on Sept 27, 2022.
             Was a High Priest of Okawaru.
             Slain by an orc warrior
             ... wielding a +2 halberd of distortion
              (13 damage)
             ... on level 1 of the Orcish Mines.
             The game lasted 00:11:31 (21832 turns).

qw the Severer (Gargoyle Fighter)                  Turns: 21832, Time: 00:11:31

Health: -1/90      AC: 41    Str: 27 (28) XL:     16   Next: 0%
Magic:  23/23      EV:  7    Int:  4 (5)  God:    Okawaru [*****.]
Gold:   83         SH: 18    Dex:  8 (9)  Spells: 15/15 levels left

rFire   + . .      SeeInvis +    y - +3 broad axe (vamp)
rCold   + + .      Faith    .    b - +0 kite shield
rNeg    + . .      Spirit   .    I - +1 gold dragon scales
rPois   inf        Reflect  +    e - +0 mask of the Dragon {Will+ Slay+3 SInv}
rElec   +          Harm     .    c - +0 cloak
rCorr   .          Rampage  .    h - +1 pair of gloves
Will    ++++.      Rage     3%   x - +0 pair of boots
Stlth   .......... Rnd*Tele +    g - amulet of reflection
HPRegen 0.25/turn                p - ring of Sigi {rF+ Will+}
MPRegen 0.18/turn                w - ring "Eba Zimn" {Ice Will+}

@: about to teleport, heroic, on berserk cooldown, flying
A: sickness immunity, AC +12, big wings, negative energy resistance 1,
electricity resistance, torment resistance 1, petrification resistance, dopey 2,
[berserk 1], [deterioration 2], [frail 1], [teleportitis 2], [no potion heal 2]
a: Renounce Religion, Heroism, Finesse, Duel


You were on level 1 of the Orcish Mines.
You worshipped Okawaru.
Okawaru was extremely pleased with you.
You visited 3 branches of the dungeon, and saw 22 of its levels.
You visited the Abyss 1 time.
You also visited: Gauntlet.

You collected 2857 gold pieces.
You spent 2774 gold pieces at shops.


Innate Abilities, Weirdness & Mutations

You are immune to sickness and miasma.
Your stone body is resilient. (AC +12)
You are immune to poison.
Your large and strong wings let you fly.
You resist negative energy. (rN+)
You are resistant to electric shocks. (rElec)
You are resistant to unholy torment.
You are immune to petrification.
You are very dopey. (Int -4)
[You sometimes lose your temper in combat.]
[Your body often deteriorates upon taking damage.]
[You are frail. (-10% HP)]
[You are often teleported next to monsters.]
[Potions cannot restore your health.]


   Skills:
 - Level 12.0(17.0) Fighting
 - Level 16.0(21.0) Axes
 - Level 6.1(11.1) Throwing
 + Level 13.0(18.0) Armour
 - Level 2.0(7.0) Dodging
 - Level 13.0(18.0) Shields
 - Level 10.0 Invocations


You had 15 spell levels left.
You didn't know any spells.
Your spell library was empty.

Inventory:

Hand Weapons
 y - a +3 vampiric broad axe (weapon)
 A - a +2 broad axe of electrocution
 E - a +0 demon whip of venom
Missiles
 n - 12 boomerangs
 z - 3 javelins
 D - 2 silver javelins (quivered)
Armour
 b - a +0 kite shield (worn)
 c - a +0 cloak (worn)
 e - the +0 mask of the Dragon (worn) {Will+ Slay+3 SInv}
   (You found it in a Gauntlet)

   Slay:      It affects your accuracy & damage with ranged weapons and melee
   (+3).
   SInv:      It lets you see invisible.
   Will:      It increases your willpower.
 h - a +1 pair of gloves (worn)
 u - +0 acid dragon scales
 x - a +0 pair of boots (worn)
 G - a +2 helmet of intelligence
 I - +1 gold dragon scales (worn)
Jewellery
 g - an amulet of reflection (around neck)
 i - a ring of see invisible
 k - a ring of ice
 p - the ring of Sigi (left hand) {rF+ Will+}
   (You found it in a Gauntlet)

   [ring of willpower]

   rF:        It protects you from fire.
   Will:      It increases your willpower.
 w - the ring "Eba Zimn" (right hand) {Ice Will+}
   (You found it on level 5 of the Dungeon)

   [ring of ice]

   It enhances your ice magic.
   rF:        It makes you vulnerable to fire.
   rC:        It protects you from cold.
   Will:      It increases your willpower.
 B - a ring of see invisible
 F - a ring of resist corrosion
Wands
 r - a wand of digging (20)
Scrolls
 a - 11 scrolls of identify
 f - 7 scrolls of teleportation
Potions
 d - 7 potions of might
 j - 4 potions of heal wounds
 l - 6 potions of attraction
 m - 8 potions of curing
 o - 2 potions of haste
 q - 3 potions of lignification
 t - 2 potions of resistance
 v - 5 potions of magic
 C - a potion of mutation

Dungeon Overview and Level Annotations

Branches:
Dungeon (15/15)            Temple (0/1) D:5            Lair (5/5) D:9
  Swamp (0/4) Lair:2        Snake (0/4) Lair:3        Slime (0/5) Lair:5
    Orc (2/2) D:11            Elf (0/3) Orc:2        Vaults (0/5) D:13
 Depths (0/4) D:15        Gauntlet (visited)

Altars:
Ashenzari
Elyvilon
Fedhas
Gozag
Hepliaklqana
Kikubaaqudgha
Makhleb
Nemelex Xobeh
Okawaru
Qazlal
Ru
Sif Muna
Vehumet
Xom
Jiyva

Shops:
D:5 (   D:7 :   D:13 [   Orc:1 !   Orc:2 *:([

Portals:
Trove: D:11 (give 2 scrolls of acquirement)

Annotations:
D:2 1 runed translucent door, Crazy Yiuf
Lair:5 2 runed translucent doors


Message History

You kill the orc!
You closely miss the orc. You hit the orc.
You feel better. The orc barely misses you. You block the orc's attack.
The orc warrior hits you but does no damage.
Space warps around you.
You slash the orc!
You feel better.
You kill the orc!
You closely miss the orc. You block the orc's attack.
You block the orc warrior's attack.
You slash the orc!
You kill the orc!
The orc warrior hits you but does no damage.
Space warps horribly around you!!
Your body deteriorates!
You feel weakened.
The orc priest mumbles some strange prayers to Beogh against you.
Beogh smites you!
Your body deteriorates!
You feel clumsy.
An orc warrior comes into view. It is wielding a +0 trident.
The orc priest mumbles some strange prayers to Beogh against you.
Beogh smites you!
The orc warrior hits you but does no damage.
Space warps horribly around you!
The orc wizard hits you but does no damage.
You closely miss the orc wizard.
The orc warrior shouts!
The orc wizard hits you but does no damage.
The orc warrior hits you but does no damage.
Space warps horribly around you!
21831 ||| READING 8 scrolls of teleportation.
As you read the scroll of teleportation, it crumbles to dust.
You feel strangely unstable.
You feel yourself speed up.
The orc wizard gestures at you while chanting.
The magic dart hits you. You block the orc warrior's attack.
You hit the orc wizard.
You feel better.
The orc wizard is heavily wounded.
You block the orc wizard's attack.
The orc warrior hits you but does no damage.
Space warps horribly around you!
You die...

#.. ### .. #..#
#.###.. . .....
....#. ..
.....##.... ...
...o..#..\#....
.._............
......o........
......o@.......
......).)......
.#..$.o........
...##..........
.. ..........#
# ##..##.#.###
### ####


You could see 2 orc warriors, an orc priest and an orc wizard.

Vanquished Creatures
  3 tentacled starspawn (Abyss:1)
  An orc warlord (Orc:2)
  4 very ugly things (Abyss:1)
  A minotaur (Gauntlet)
  A vault guard (D:11)
  An ice dragon (D:13)
  8 hydras
  3 ogre magi (D:15)
  Erica (Lair:2)
  3 boulder beetles
  13 two-headed ogres
  3 thrashing horrors
  2 orc high priests (Orc:2)
  A sixfirhy (Abyss:1)
  A wretched star (Abyss:1)
  Amaemon (D:11)
  A spark wasp zombie (D:15)
  A phantasmal warrior (D:15)
  A lindwurm (shapeshifter) (D:14)
  A lindwurm (Lair:5)
  A tengu zombie (D:15)
  5 orc knights
  A necromancer (D:15)
  10 ugly things
  3 oklob plants
  2 orc sorcerers (Orc:2)
  2 deep elf pyromancers (D:14)
  4 cyclopes
  5 large abominations
  2 worldbinders (Abyss:1)
  5 elephants (Lair:4)
  A stone giant skeleton (D:15)
  2 gargoyles (D:12)
  6 black mambas
  Joseph (Lair:1)
  10 cane toads
  2 molten gargoyles (Lair:5)
  2 orange demons
  An unseen horror (D:11)
  3 rime drakes
  14 komodo dragons
  A kobold demonologist (D:12)
  An efreet (D:14)
  An ancient zyme (Abyss:1)
  2 guardian mummies (D:15)
  6 trolls
  A polar bear (Lair:1)
  5 slime creatures (D:12)
  Grinder (D:4)
  26 blink frogs
  A spriggan zombie (D:15)
  A centaur simulacrum (D:15)
  An air elemental (Abyss:1)
  32 yaks
  6 wyverns
  3 wraiths
  A ynoxinul (Abyss:1)
  2 basilisks
  A chaos spawn (Abyss:1)
  4 vampire mosquitoes (D:11)
  A warg (Orc:1)
  4 steam dragons
  A neqoxec (Abyss:1)
  2 swamp worms (Lair:2)
  6 nagas (Lair:3)
  An acid dragon (D:9)
  13 water moccasins
  4 hell hounds (Lair:5)
  A swamp drake (D:11)
  22 orc warriors
  An ice beast (D:7)
  12 black bears
  9 centaurs
  19 ogres
  15 wolves
  A phantom (D:7)
  5 bullfrogs
  Blork the orc (Orc:2)
  A kobold brigand (D:12)
  2 gnoll sergeants
  4 scorpions (D:5)
  5 wights (D:8)
  10 small abominations
  13 killer bees
  6 howler monkeys
  5 electric eels
  5 lava snakes (Lair:5)
  8 hounds
  11 orc priests
  2 gnoll boudas
  6 iguanas
  2 jellies (D:6)
  Terence (D:2)
  19 orc wizards
  5 hell rats (Lair:3)
  12 adders
  21 gnolls
  A shadow imp (D:8)
  A white imp (D:6)
  An ufetubus (Abyss:1)
  2 dart slugs
  57 orcs
  4 ball pythons
  7 bats
  7 endoplasms
  3 giant cockroaches
  8 goblins
  6 hobgoblins
  7 quokkas
  9 kobolds
  5 rats
  5 starspawn tentacles (Abyss:1)
608 creatures vanquished.

Vanquished Creatures (others)
  Sonja (Lair:1)
  A gnoll (D:7)
  17 fungi
  56 plants
  3 starspawn tentacles (Abyss:1)
  9 withered plants (D:15)
87 creatures vanquished.

Grand Total: 695 creatures vanquished

Notes
Turn   | Place    | Note
-------+----------+-------------------------------------------
     0 | D:1      | qw the Gargoyle Fighter began the quest for the Orb.
     0 | D:1      | Reached XP level 1. HP: 14/14 MP: 1/1
     0 | D:1      | 0 ||| qw: Version: 0.2-a-10-g37ed214
     0 | D:1      | 0 ||| qw: Game counter: 633
     0 | D:1      | 0 ||| qw: Always use a shield: true
     0 | D:1      | 0 ||| qw: God list: Okawaru
     0 | D:1      | 0 ||| qw: Allow faded altars: false
     0 | D:1      | 0 ||| qw: Do Orc after D:15 true
     0 | D:1      | 0 ||| qw: Do second Lair branch before Depths: true
     0 | D:1      | 0 ||| qw: Lair rune preference: random
     0 | D:1      | 0 ||| qw: Plans: Normal, Zot:1-4, God:TSO, Crypt, Tomb,
                  | Pan, Slime:5, Hells, Abyss, Orb
     0 | D:1      | 0 ||| PLANNING D:1-11
   205 | D:1      | Reached skill level 2 in Axes
   397 | D:1      | Reached XP level 2. HP: 19/19 MP: 2/2
   852 | D:1      | 852 ||| UPGRADING to +0 pair of gloves.
   857 | D:1      | 857 ||| UPGRADING to +2 helmet.
   862 | D:1      | 862 ||| UPGRADING to ring of see invisible.
   863 | D:1      | 863 ||| READING 2 scrolls labelled RUEGRU YSORYU.
   864 | D:1      | 864 ||| READING scroll labelled XUVE WANUCLI.
   865 | D:1      | 865 ||| DRINKING 2 ruby potions.
   892 | D:2      | Reached skill level 3 in Axes
   983 | D:2      | Reached XP level 3. HP: 23/23 MP: 3/3
  1212 | D:2      | 1212 ||| Stepping ~*~*~tactically~*~*~ (stealth).
  1227 | D:2      | Noticed Terence
  1239 | D:2      | Killed Terence
  1240 | D:2      | Reached skill level 4 in Axes
  1240 | D:2      | Reached XP level 4. HP: 20/28 MP: 4/4
  1261 | D:2      | 1261 ||| FLEEEEING.
  1262 | D:2      | 1262 ||| FLEEEEING.
  1263 | D:2      | 1263 ||| STAIRDANCE
  1330 | D:2      | 1330 ||| STAIRDANCE
  1429 | D:2      | Found a runed translucent door.
  1430 | D:2      | Noticed Crazy Yiuf
  1641 | D:2      | 1641 ||| READING 2 scrolls labelled QED GEITYMIRU.
  1642 | D:2      | 1642 ||| READING 2 scrolls labelled JEYR BIXZYWK.
  1643 | D:2      | 1643 ||| READING scroll of enchant weapon.
  1643 | D:2      | 1643 ||| ENCHANTING +1 war axe.
  1644 | D:2      | 1644 ||| READING scroll labelled WOPROB ZESI.
  1645 | D:2      | 1645 ||| READING 3 scrolls of identify.
  1645 | D:2      | 1645 ||| IDENTIFYING sapphire potion
  1646 | D:2      | 1646 ||| READING 2 scrolls of identify.
  1646 | D:2      | 1646 ||| IDENTIFYING yellow potion
  1647 | D:2      | 1647 ||| DROPPING potion of degeneration.
  1648 | D:2      | 1648 ||| DROPPING potion of brilliance.
  1649 | D:2      | 1649 ||| DROPPING scroll of noise.
  2029 | D:3      | 2029 ||| Stepping ~*~*~tactically~*~*~ (stealth).
  2039 | D:3      | Reached XP level 5. HP: 25/32 MP: 5/5
  2123 | D:3      | 2123 ||| DROPPING +0 club.
  2214 | D:3      | 2214 ||| UPGRADING to +0 chain mail.
  2271 | D:3      | 2271 ||| DROPPING +0 scale mail.
  2401 | D:3      | Found an opulent altar of Gozag.
  2480 | D:3      | Found a shimmering blue altar of Sif Muna.
  2556 | D:3      | Found a white marble altar of Elyvilon.
  2605 | D:3      | 2605 ||| UPGRADING to amulet of reflection.
  2610 | D:3      | 2610 ||| READING scroll labelled TEJ ATONIENT.
  2611 | D:3      | 2611 ||| READING scroll labelled XIOKHL AJIG.
  2612 | D:3      | 2612 ||| READING scroll labelled KUCZOO GIZXIT.
  2613 | D:3      | 2613 ||| READING scroll labelled LUNTEECSUTT.
  2614 | D:3      | 2614 ||| READING 3 scrolls of identify.
  2614 | D:3      | 2614 ||| IDENTIFYING fuming clear potion
  2615 | D:3      | 2615 ||| READING 2 scrolls of identify.
  2615 | D:3      | 2615 ||| IDENTIFYING brown potion
  2656 | D:4      | 2656 ||| PLANNING SEWER
  2797 | D:4      | Reached skill level 5 in Axes
  2900 | D:4      | Noticed Grinder
  2907 | D:4      | Paralysed by Grinder for 2 turns
  2916 | D:4      | Paralysed by Grinder for 2 turns
  2921 | D:4      | Killed Grinder
  2922 | D:4      | Reached XP level 6. HP: 32/40 MP: 6/6
  3042 | D:4      | Found an ancient bone altar of Kikubaaqudgha.
  3178 | D:4      | Found an iron altar of Okawaru.
  3203 | D:4      | 3203 ||| SWAPPING to +0 broad axe.
  3212 | D:4      | 3212 ||| DROPPING +2 war axe of freezing.
  3275 | D:4      | 3275 ||| Stepping ~*~*~tactically~*~*~ (water).
  3284 | D:4      | Found a glowing drain.
  3285 | D:4      | 3285 ||| READING 2 scrolls labelled QUSKO XERAE.
  3386 | D:4      | 3386 ||| READING 2 scrolls labelled USSODO ICUEQ.
  3390 | D:4      | 3390 ||| READING 3 scrolls of identify.
  3390 | D:4      | 3390 ||| IDENTIFYING fuming purple potion
  3391 | D:4      | 3391 ||| DROPPING scroll of silence.
  3392 | D:4      | 3392 ||| DROPPING potion of flight.
  3430 | D:4      | Became a worshipper of Warmaster Okawaru
  3478 | D:4      | 3478 ||| RIP SEWER
  3478 | D:4      | 3478 ||| PLANNING D:1-11
  3489 | D:5      | Entered Level 5 of the Dungeon
  3493 | D:5      | Noticed a black bear
  3498 | D:5      | Reached XP level 7. HP: 44/44 MP: 7/7
  3502 | D:5      | Reached skill level 6 in Axes
  3505 | D:5      | Reached * piety under Okawaru
  3506 | D:5      | Reached skill level 1 in Dodging
  3506 | D:5      | 3506 ||| INVOKING Heroism.
  3507 | D:5      | 3507 ||| INVOKING Heroism.
  3510 | D:5      | Reached skill level 1 in Invocations
  3625 | D:5      | Reached XP level 8. HP: 50/50 MP: 9/9
  3644 | D:5      | Identified the ring "Eba Zimn" {Ice Will+}
  3711 | D:5      | You fall into a shaft and drop 1 floor!
  3719 | D:6      | 3719 ||| INVOKING Heroism.
  3746 | D:6      | 3746 ||| Stepping ~*~*~tactically~*~*~ (stealth).
  3747 | D:6      | 3747 ||| Stepping ~*~*~tactically~*~*~ (stealth).
  3748 | D:6      | 3748 ||| Stepping ~*~*~tactically~*~*~ (stealth).
  3753 | D:6      | 3753 ||| Stepping ~*~*~tactically~*~*~ (stealth).
  3784 | D:6      | 3784 ||| INVOKING Heroism.
  3800 | D:6      | Reached skill level 3 in Invocations
  3820 | D:6      | 3820 ||| Stepping ~*~*~tactically~*~*~ (stealth).
  3887 | D:6      | Reached skill level 7 in Axes
  3955 | D:6      | 3955 ||| INVOKING Heroism.
  4029 | D:6      | 4029 ||| Stepping ~*~*~tactically~*~*~ (hiding).
  4171 | D:6      | 4171 ||| UPGRADING to ring "Eba Zimn" {Ice Will+}.
  4172 | D:6      | 4172 ||| READING scroll labelled VUEMUME HAEB.
  4173 | D:6      | 4173 ||| READING scroll labelled BOOPAPS KOGIF.
  4174 | D:6      | 4174 ||| READING 3 scrolls of identify.
  4174 | D:6      | 4174 ||| IDENTIFYING red potion
  4232 | D:5      | Found a staircase to the Ecumenical Temple.
  4266 | D:5      | 4266 ||| Stepping ~*~*~tactically~*~*~ (stealth).
  4279 | D:5      | 4279 ||| INVOKING Heroism.
  4281 | D:5      | 4281 ||| Stepping ~*~*~tactically~*~*~ (hiding).
  4282 | D:5      | 4282 ||| Stepping ~*~*~tactically~*~*~ (hiding).
  4284 | D:5      | 4284 ||| Stepping ~*~*~tactically~*~*~ (hiding).
  4350 | D:5      | 4350 ||| DROPPING +0 whip.
  4368 | D:5      | Found Byoc's Weapon Emporium.
  4396 | D:5      | Reached ** piety under Okawaru
  4539 | D:5      | Found a broken altar of Ashenzari.
  4585 | D:5      | Reached skill level 8 in Axes
  4595 | D:5      | Found a sacrificial altar of Ru.
  4639 | D:5      | Found a sparkling altar of Nemelex Xobeh.
  4842 | D:6      | 4842 ||| Stepping ~*~*~tactically~*~*~ (stealth).
  4884 | D:6      | Found a shimmering altar of Xom.
  4890 | D:6      | 4890 ||| INVOKING Heroism.
  4981 | D:6      | 4981 ||| Stepping ~*~*~tactically~*~*~ (stealth).
  5003 | D:6      | Reached skill level 6 in Fighting
  5022 | D:6      | 5022 ||| INVOKING Heroism.
  5027 | D:6      | Reached XP level 9. HP: 52/55 MP: 9/12
  5137 | D:6      | 5137 ||| INVOKING Heroism.
  5142 | D:6      | Reached skill level 1 in Throwing
  5382 | D:5      | 5382 ||| BUYING +0 vampiric war axe (187 gold).
  5382 | D:5      | Bought a +0 vampiric war axe for 187 gold pieces
  5382 | D:5      | 5382 ||| SHOPLISTING +5 vorpal broad axe (495 gold, have
                  | 78).
  5382 | D:5      | 5382 ||| SWAPPING to +0 vampiric war axe.
  5421 | D:7      | 5421 ||| INVOKING Heroism.
  5512 | D:7      | 5512 ||| Stepping ~*~*~tactically~*~*~ (hiding).
  5515 | D:7      | 5515 ||| Stepping ~*~*~tactically~*~*~ (hiding).
  5522 | D:7      | 5522 ||| INVOKING Heroism.
  5543 | D:7      | 5543 ||| Stepping ~*~*~tactically~*~*~ (stealth).
  5566 | D:7      | Reached skill level 9 in Axes
  5582 | D:7      | 5582 ||| Stepping ~*~*~tactically~*~*~ (hiding).
  5583 | D:7      | 5583 ||| Stepping ~*~*~tactically~*~*~ (hiding).
  5598 | D:7      | 5598 ||| Stepping ~*~*~tactically~*~*~ (hiding).
  5610 | D:7      | 5610 ||| INVOKING Heroism.
  5747 | D:7      | 5747 ||| INVOKING Heroism.
  5985 | D:7      | Found a stormy altar of Qazlal.
  6088 | D:7      | Found Yqodamm's Book Emporium.
  6117 | D:8      | 6117 ||| Stepping ~*~*~tactically~*~*~ (hiding).
  6122 | D:8      | 6122 ||| INVOKING Heroism.
  6199 | D:8      | Found a hazy altar of Hepliaklqana.
  6289 | D:8      | 6289 ||| INVOKING Heroism.
  6295 | D:8      | Reached *** piety under Okawaru
  6583 | D:8      | 6583 ||| Stepping ~*~*~tactically~*~*~ (hiding).
  6585 | D:8      | 6585 ||| INVOKING Heroism.
  6607 | D:8      | Reached XP level 10. HP: 63/63 MP: 13/13
  6613 | D:8      | 6613 ||| DROPPING +0 flail.
  6660 | D:8      | 6660 ||| INVOKING Heroism.
  6662 | D:8      | Reached skill level 10 in Axes
  6714 | D:8      | 6714 ||| Stepping ~*~*~tactically~*~*~ (hiding).
  6719 | D:8      | 6719 ||| INVOKING Heroism.
  6860 | D:8      | 6860 ||| UPGRADING to +0 kite shield.
  6870 | D:8      | 6870 ||| DROPPING +0 buckler.
  6871 | D:8      | 6871 ||| DROPPING ring of wizardry.
  6901 | D:9      | 6901 ||| INVOKING Heroism.
  6938 | D:9      | 6938 ||| INVOKING Heroism.
  6950 | D:9      | Reached skill level 6 in Shields
  6960 | D:9      | Reached **** piety under Okawaru
  6971 | D:9      | 6971 ||| INVOKING Heroism.
  6983 | D:9      | 6983 ||| INVOKING Heroism.
  7021 | D:9      | 7021 ||| INVOKING Heroism.
  7172 | D:9      | Found a staircase to the Lair.
  7173 | D:9      | 7173 ||| INVOKING Heroism.
  7248 | D:9      | 7248 ||| Stepping ~*~*~tactically~*~*~ (stealth).
  7251 | D:9      | 7251 ||| INVOKING Heroism.
  7269 | D:9      | Found a burning altar of Makhleb.
  7332 | D:9      | 7332 ||| INVOKING Heroism.
  7656 | D:9      | Reached skill level 6 in Invocations
  7819 | D:9      | 7819 ||| PLANNING LAIR
  7819 | D:9      | 7819 ||| UPGRADING to +0 cloak.
  7824 | D:9      | 7824 ||| UPGRADING to +0 plate armour.
  7834 | D:9      | 7834 ||| DROPPING +0 chain mail.
  7835 | D:9      | 7835 ||| UPGRADING to +0 pair of boots.
  7840 | D:9      | 7840 ||| READING 6 scrolls of identify.
  7840 | D:9      | 7840 ||| IDENTIFYING fuming black potion
  7878 | Lair:1   | Entered Level 1 of the Lair of Beasts
  7890 | Lair:1   | Noticed Sonja
  7918 | Lair:1   | Killed Sonja
  7919 | Lair:1   | Reached XP level 11. HP: 68/68 MP: 15/15
  7935 | Lair:1   | 7935 ||| INVOKING Heroism.
  7959 | Lair:1   | Reached skill level 6 in Armour
  8062 | Lair:1   | 8062 ||| Stepping ~*~*~tactically~*~*~ (stealth).
  8063 | Lair:1   | 8063 ||| INVOKING Heroism.
  8105 | Lair:1   | 8105 ||| INVOKING Heroism.
  8161 | Lair:1   | 8161 ||| INVOKING Heroism.
  8270 | Lair:1   | 8270 ||| INVOKING Heroism.
  8363 | Lair:1   | Noticed Joseph
  8371 | Lair:1   | Killed Joseph
  8413 | Lair:1   | 8413 ||| INVOKING Heroism.
  8511 | Lair:1   | 8511 ||| Stepping ~*~*~tactically~*~*~ (stealth).
  8519 | Lair:1   | 8519 ||| INVOKING Heroism.
  8520 | Lair:1   | 8520 ||| Stepping ~*~*~tactically~*~*~ (stealth).
  8521 | Lair:1   | 8521 ||| Stepping ~*~*~tactically~*~*~ (stealth).
  8644 | Lair:1   | Reached ***** piety under Okawaru
  8889 | Lair:1   | 8889 ||| DROPPING amulet of guardian spirit.
  8890 | Lair:1   | 8890 ||| READING scroll labelled OMAYRPH GUECA.
  8907 | Lair:2   | 8907 ||| INVOKING Heroism.
  8911 | Lair:2   | 8911 ||| STAIRDANCE
  8938 | Lair:1   | 8938 ||| INVOKING Heroism.
  9007 | Lair:2   | 9007 ||| Stepping ~*~*~tactically~*~*~ (stealth).
  9017 | Lair:2   | 9017 ||| INVOKING Heroism.
  9044 | Lair:2   | Reached skill level 9 in Invocations
  9079 | Lair:2   | 9079 ||| Stepping ~*~*~tactically~*~*~ (hiding).
  9083 | Lair:2   | 9083 ||| INVOKING Heroism.
  9086 | Lair:2   | Noticed Erica
  9087 | Lair:2   | 9087 ||| INVOKING Finesse.
  9090 | Lair:2   | Noticed an eight-headed hydra
  9093 | Lair:2   | 9093 ||| SWAPPING to +0 flail of draining.
  9095 | Lair:2   | 9095 ||| Stepping ~*~*~tactically~*~*~ (outnumbered).
  9096 | Lair:2   | 9096 ||| SWAPPING to +0 vampiric war axe.
  9099 | Lair:2   | 9099 ||| SWAPPING to +0 flail of draining.
  9102 | Lair:2   | Killed Erica
  9103 | Lair:2   | Reached skill level 9 in Shields
  9104 | Lair:2   | 9104 ||| SWAPPING to +0 vampiric war axe.
  9106 | Lair:2   | 9106 ||| SWAPPING to +0 flail of draining.
  9108 | Lair:2   | 9108 ||| SWAPPING to +0 vampiric war axe.
  9110 | Lair:2   | 9110 ||| SWAPPING to +0 flail of draining.
  9112 | Lair:2   | 9112 ||| SWAPPING to +0 vampiric war axe.
  9115 | Lair:2   | 9115 ||| SWAPPING to +0 flail of draining.
  9117 | Lair:2   | 9117 ||| SWAPPING to +0 vampiric war axe.
  9119 | Lair:2   | 9119 ||| SWAPPING to +0 flail of draining.
  9121 | Lair:2   | 9121 ||| SWAPPING to +0 vampiric war axe.
  9123 | Lair:2   | 9123 ||| SWAPPING to +0 flail of draining.
  9125 | Lair:2   | 9125 ||| SWAPPING to +0 vampiric war axe.
  9128 | Lair:2   | 9128 ||| SWAPPING to +0 flail of draining.
  9135 | Lair:2   | HP: 15/68 [eight-headed hydra (7)]
  9136 | Lair:2   | 9136 ||| READING 8 scrolls of teleportation.
  9137 | Lair:2   | 9137 ||| DRINKING 4 potions of heal wounds.
  9138 | Lair:2   | Killed an eight-headed hydra
  9139 | Lair:2   | Reached skill level 3 in Throwing
  9139 | Lair:2   | 9139 ||| SWAPPING to +0 vampiric war axe.
  9366 | Lair:2   | 9366 ||| INVOKING Heroism.
  9409 | Lair:2   | Reached XP level 12. HP: 73/73 MP: 19/19
  9450 | Lair:2   | Noticed a five-headed hydra
  9451 | Lair:2   | 9451 ||| Stepping ~*~*~tactically~*~*~ (stealth).
  9456 | Lair:2   | 9456 ||| INVOKING Heroism.
  9459 | Lair:2   | Received a gift from Okawaru
  9501 | Lair:2   | 9501 ||| SWAPPING to +2 vampiric broad axe.
  9502 | Lair:2   | 9502 ||| DROPPING +0 vampiric war axe.
  9503 | Lair:2   | 9503 ||| DROPPING +0 broad axe.
  9512 | Lair:2   | 9512 ||| INVOKING Heroism.
  9513 | Lair:2   | 9513 ||| SWAPPING to +0 flail of draining.
  9514 | Lair:2   | 9514 ||| INVOKING Finesse.
  9527 | Lair:2   | Killed a five-headed hydra
  9528 | Lair:2   | 9528 ||| SWAPPING to +2 vampiric broad axe.
  9655 | Lair:2   | Found a staircase to the Swamp.
  9705 | Lair:2   | 9705 ||| INVOKING Heroism.
  9706 | Lair:2   | 9706 ||| INVOKING Finesse.
  9959 | Lair:2   | 9959 ||| INVOKING Heroism.
 10069 | Lair:2   | Reached skill level 11 in Axes
 10096 | Lair:2   | Identified the +0 pair of gloves "Dikamyr" {+Inv}
 10179 | Lair:2   | You fall into a shaft and drop 2 floors!
 10258 | Lair:4   | 10258 ||| READING scroll of enchant armour.
 10258 | Lair:4   | 10258 ||| ENCHANTING +0 pair of gloves.
 10285 | Lair:4   | 10285 ||| DROPPING +0 pair of gloves "Dikamyr" {+Inv}.
 10286 | Lair:4   | 10286 ||| DROPPING amulet of the acrobat.
 10287 | Lair:4   | 10287 ||| READING scroll labelled MOYDDI IDOTI.
 10287 | Lair:4   | Identified a scroll of acquirement
 10287 | Lair:4   | 10287 ||| ACQUIRING 458 gold pieces
 10287 | Lair:4   | Acquired 458 gold pieces
 10351 | Lair:3   | 10351 ||| INVOKING Heroism.
 10352 | Lair:3   | 10352 ||| Stepping ~*~*~tactically~*~*~ (stealth).
 10353 | Lair:3   | 10353 ||| Stepping ~*~*~tactically~*~*~ (stealth).
 10376 | Lair:3   | 10376 ||| Stepping ~*~*~tactically~*~*~ (stealth).
 10380 | Lair:3   | 10380 ||| Stepping ~*~*~tactically~*~*~ (stealth).
 10381 | Lair:3   | 10381 ||| Stepping ~*~*~tactically~*~*~ (stealth).
 10454 | Lair:3   | 10454 ||| Stepping ~*~*~tactically~*~*~ (stealth).
 10457 | Lair:3   | 10457 ||| INVOKING Heroism.
 10515 | Lair:3   | Identified the +0 ring mail of Dyspraxia {Stlth+}
 10573 | Lair:3   | 10573 ||| DROPPING +0 flail of draining.
 10618 | Lair:3   | Noticed a boulder beetle
 10619 | Lair:3   | 10619 ||| Stepping ~*~*~tactically~*~*~ (stealth).
 10621 | Lair:3   | 10621 ||| INVOKING Heroism.
 10623 | Lair:3   | 10623 ||| INVOKING Finesse.
 10649 | Lair:3   | Killed a boulder beetle
 10650 | Lair:3   | Reached skill level 9 in Fighting
 10688 | Lair:3   | Found a staircase to the Snake Pit.
 10759 | Lair:3   | 10759 ||| INVOKING Heroism.
 10899 | Lair:3   | 10899 ||| INVOKING Heroism.
 10919 | Lair:3   | Reached skill level 9 in Armour
 10958 | Lair:3   | 10958 ||| INVOKING Heroism.
 11164 | Lair:3   | 11164 ||| INVOKING Heroism.
 11265 | Lair:3   | 11265 ||| READING 5 scrolls of identify.
 11265 | Lair:3   | 11265 ||| IDENTIFYING fizzy blue potion
 11440 | Lair:4   | 11440 ||| INVOKING Heroism.
 11561 | Lair:4   | 11561 ||| INVOKING Heroism.
 11607 | Lair:4   | 11607 ||| INVOKING Heroism.
 11610 | Lair:4   | 11610 ||| Stepping ~*~*~tactically~*~*~ (stealth).
 11611 | Lair:4   | 11611 ||| Stepping ~*~*~tactically~*~*~ (stealth).
 11612 | Lair:4   | 11612 ||| Stepping ~*~*~tactically~*~*~ (stealth).
 11623 | Lair:4   | 11623 ||| INVOKING Heroism.
 11636 | Lair:4   | Reached skill level 12 in Axes
 11654 | Lair:4   | Received a gift from Okawaru
 11655 | Lair:4   | Reached XP level 13. HP: 80/80 MP: 20/20
 11712 | Lair:4   | 11712 ||| READING scroll of acquirement.
 11712 | Lair:4   | 11712 ||| ACQUIRING +2 broad axe of electrocution
 11712 | Lair:4   | Acquired a +2 broad axe of electrocution
 11733 | Lair:4   | 11733 ||| INVOKING Heroism.
 11967 | Lair:4   | 11967 ||| INVOKING Heroism.
 12035 | Lair:4   | Found a blossoming altar of Fedhas.
 12047 | Lair:4   | 12047 ||| INVOKING Heroism.
 12048 | Lair:4   | 12048 ||| INVOKING Finesse.
 12049 | Lair:4   | 12049 ||| INVOKING Finesse.
 12166 | Lair:4   | 12166 ||| READING 5 scrolls of identify.
 12166 | Lair:4   | 12166 ||| IDENTIFYING green potion
 12167 | Lair:4   | 12167 ||| DROPPING potion of invisibility.
 12227 | Lair:5   | Entered Level 5 of the Lair of Beasts
 12228 | Lair:5   | 12228 ||| INVOKING Heroism.
 12229 | Lair:5   | 12229 ||| STAIRDANCE
 12242 | Lair:5   | 12242 ||| STAIRDANCE
 12251 | Lair:4   | Received a gift from Okawaru
 12277 | Lair:5   | 12277 ||| STAIRDANCE
 12386 | Lair:5   | Received a gift from Okawaru
 12393 | Lair:5   | 12393 ||| INVOKING Heroism.
 12394 | Lair:5   | 12394 ||| INVOKING Finesse.
 12396 | Lair:5   | 12396 ||| SWAPPING to +0 morningstar.
 12402 | Lair:5   | 12402 ||| SWAPPING to +2 vampiric broad axe.
 12501 | Lair:5   | 12501 ||| INVOKING Heroism.
 12533 | Lair:5   | 12533 ||| INVOKING Heroism.
 12592 | Lair:5   | 12592 ||| INVOKING Heroism.
 12599 | Lair:5   | 12599 ||| INVOKING Finesse.
 12606 | Lair:5   | 12606 ||| SWAPPING to +0 morningstar.
 12610 | Lair:5   | 12610 ||| Stepping ~*~*~tactically~*~*~ (outnumbered).
 12619 | Lair:5   | 12619 ||| SWAPPING to +2 vampiric broad axe.
 12666 | Lair:5   | 12666 ||| INVOKING Heroism.
 12667 | Lair:5   | 12667 ||| INVOKING Finesse.
 12670 | Lair:5   | 12670 ||| SWAPPING to +0 morningstar.
 12674 | Lair:5   | Reached skill level 13 in Axes
 12674 | Lair:5   | 12674 ||| SWAPPING to +2 vampiric broad axe.
 12929 | Lair:5   | 12929 ||| INVOKING Heroism.
 13115 | Lair:5   | 13115 ||| INVOKING Heroism.
 13117 | Lair:5   | 13117 ||| INVOKING Finesse.
 13119 | Lair:5   | 13119 ||| SWAPPING to +0 morningstar.
 13123 | Lair:5   | 13123 ||| Stepping ~*~*~tactically~*~*~ (outnumbered).
 13124 | Lair:5   | 13124 ||| Stepping ~*~*~tactically~*~*~ (outnumbered).
 13125 | Lair:5   | 13125 ||| Stepping ~*~*~tactically~*~*~ (outnumbered).
 13126 | Lair:5   | 13126 ||| Stepping ~*~*~tactically~*~*~ (outnumbered).
 13127 | Lair:5   | 13127 ||| Stepping ~*~*~tactically~*~*~ (outnumbered).
 13130 | Lair:5   | 13130 ||| Stepping ~*~*~tactically~*~*~ (outnumbered).
 13131 | Lair:5   | 13131 ||| Stepping ~*~*~tactically~*~*~ (outnumbered).
 13134 | Lair:5   | 13134 ||| Stepping ~*~*~tactically~*~*~ (hiding).
 13135 | Lair:5   | 13135 ||| SWAPPING to +2 vampiric broad axe.
 13143 | Lair:5   | 13143 ||| SWAPPING to +0 morningstar.
 13149 | Lair:5   | 13149 ||| SWAPPING to +2 vampiric broad axe.
 13182 | Lair:5   | 13182 ||| Stepping ~*~*~tactically~*~*~ (stealth).
 13183 | Lair:5   | 13183 ||| Stepping ~*~*~tactically~*~*~ (stealth).
 13184 | Lair:5   | 13184 ||| Stepping ~*~*~tactically~*~*~ (stealth).
 13195 | Lair:5   | 13195 ||| INVOKING Heroism.
 13280 | Lair:5   | Found a large runed translucent door.
 13281 | Lair:5   | Found a large runed translucent door.
 13321 | Lair:5   | 13321 ||| INVOKING Heroism.
 13326 | Lair:5   | HP: 3/82 [hell hound/blast of flame (21)]
 13327 | Lair:5   | 13327 ||| READING 7 scrolls of teleportation.
 13328 | Lair:5   | 13328 ||| DRINKING 3 potions of heal wounds.
 13657 | Lair:5   | 13657 ||| INVOKING Heroism.
 13773 | Lair:5   | Found a viscous altar of Jiyva.
 13775 | Lair:5   | 13775 ||| INVOKING Heroism.
 13776 | Lair:5   | 13776 ||| INVOKING Finesse.
 13777 | Lair:5   | Found a staircase to the Slime Pits.
 13867 | Lair:5   | 13867 ||| INVOKING Heroism.
 13868 | Lair:5   | 13868 ||| SWAPPING to +0 morningstar.
 13869 | Lair:5   | 13869 ||| INVOKING Finesse.
 13878 | Lair:5   | 13878 ||| SWAPPING to +2 vampiric broad axe.
 13947 | Lair:5   | Noticed a fire dragon
 13965 | Lair:5   | 13965 ||| INVOKING Heroism.
 13966 | Lair:5   | 13966 ||| Stepping ~*~*~tactically~*~*~ (stealth).
 14031 | Lair:5   | 14031 ||| INVOKING Heroism.
 14062 | Lair:5   | Gained mutation: Your large and strong wings let you fly.
                  | [Gargoyle growth]
 14062 | Lair:5   | Reached XP level 14. HP: 88/88 MP: 21/21
 14474 | Lair:5   | 14474 ||| PLANNING D:1-11
 14474 | Lair:5   | 14474 ||| READING 5 scrolls of identify.
 14474 | Lair:5   | 14474 ||| IDENTIFYING clear potion
 14617 | D:10     | Entered Level 10 of the Dungeon
 14776 | D:10     | 14776 ||| INVOKING Heroism.
 14796 | D:10     | 14796 ||| Stepping ~*~*~tactically~*~*~ (cloud).
 15004 | D:10     | Found a radiant altar of Vehumet.
 15192 | D:10     | 15192 ||| READING scroll labelled FONLOLE LUISE.
 15193 | D:10     | 15193 ||| READING 4 scrolls of identify.
 15193 | D:10     | 15193 ||| IDENTIFYING fuming dark potion
 15240 | D:11     | 15240 ||| PLANNING GAUNTLET
 15356 | D:11     | Noticed Amaemon
 15357 | D:11     | 15357 ||| Stepping ~*~*~tactically~*~*~ (hiding).
 15365 | D:11     | 15365 ||| INVOKING Heroism.
 15370 | D:11     | Killed Amaemon
 15371 | D:11     | Reached skill level 14 in Axes
 15380 | D:11     | 15380 ||| DROPPING +0 morningstar.
 15417 | D:11     | Found a gate leading to a gauntlet.
 15422 | Gauntlet | Entered a Gauntlet
 15422 | Gauntlet | Found a transporter.
 15431 | Gauntlet | Found a transporter.
 15449 | Gauntlet | Found a transporter.
 15452 | Gauntlet | Found a transporter.
 15473 | Gauntlet | Found a transporter.
 15486 | Gauntlet | Found a transporter.
 15500 | Gauntlet | Found a transporter.
 15529 | Gauntlet | Found a transporter.
 15529 | Gauntlet | Found a transporter.
 15534 | Gauntlet | Found a transporter.
 15557 | Gauntlet | Found a transporter.
 15561 | Gauntlet | Found a transporter.
 15632 | Gauntlet | 15632 ||| INVOKING Heroism.
 15777 | Gauntlet | Identified the +0 scale mail of the Burning God {Int+5}
 15783 | Gauntlet | Identified the ring of Sigi {rF+ Will+}
 15785 | Gauntlet | 15785 ||| UPGRADING to ring of Sigi {rF+ Will+}.
 15787 | Gauntlet | 15787 ||| UPGRADING to ring of see invisible.
 15818 | Gauntlet | 15818 ||| Stepping randomly (stuck).
 15819 | Gauntlet | 15819 ||| Stepping randomly (stuck).
 15820 | Gauntlet | 15820 ||| Stepping randomly (stuck).
 15821 | Gauntlet | 15821 ||| Stepping randomly (stuck).
 15822 | Gauntlet | 15822 ||| Stepping randomly (stuck).
 15823 | Gauntlet | 15823 ||| Stepping randomly (stuck).
 15824 | Gauntlet | 15824 ||| Stepping randomly (stuck).
 15825 | Gauntlet | 15825 ||| Stepping randomly (stuck).
 15826 | Gauntlet | 15826 ||| Stepping randomly (stuck).
 15827 | Gauntlet | 15827 ||| Stepping randomly (stuck).
 15828 | Gauntlet | 15828 ||| Stepping randomly (stuck).
 15865 | Gauntlet | 15865 ||| Stepping randomly (stuck).
 15867 | Gauntlet | 15867 ||| Stepping randomly (stuck).
 15890 | Gauntlet | 15890 ||| DROPPING scarf of invisibility.
 15915 | Gauntlet | Found the +0 mask of the Dragon {Will+ Slay+3 SInv}
 15916 | Gauntlet | 15916 ||| Stepping ~*~*~tactically~*~*~ (hiding).
 15919 | Gauntlet | 15919 ||| INVOKING Heroism.
 15920 | Gauntlet | 15920 ||| INVOKING Finesse.
 15987 | Gauntlet | Identified the +1 robe of the Spider Nest {rCorr Int-3
                  | Dex+5 Archmagi}
 15992 | Gauntlet | 15992 ||| UPGRADING to +0 mask of the Dragon {Will+ Slay+3
                  | SInv}.
 16002 | Gauntlet | 16002 ||| REMOVING ring of see invisible.
 16003 | Gauntlet | 16003 ||| DROPPING +2 helmet.
 16004 | Gauntlet | 16004 ||| DROPPING +1 hat.
 16005 | Gauntlet | 16005 ||| UPGRADING to ring of resist corrosion.
 16006 | Gauntlet | 16006 ||| UPGRADING to ring "Eba Zimn" {Ice Will+}.
 16011 | D:11     | 16011 ||| PLANNING D:1-11
 16079 | D:11     | 16079 ||| Stepping ~*~*~tactically~*~*~ (hiding).
 16080 | D:11     | 16080 ||| Stepping ~*~*~tactically~*~*~ (hiding).
 16081 | D:11     | 16081 ||| Stepping ~*~*~tactically~*~*~ (hiding).
 16084 | D:11     | 16084 ||| INVOKING Heroism.
 16260 | D:11     | Identified the +0 great sword "Newt's Demise" {vorpal,
                  | *Corrode rN+ Int+2 Stlth+} (Okawaru gifted it to you on
                  | level 11 of the Dungeon)
 16260 | D:11     | Received a gift from Okawaru
 16394 | D:11     | Found a portal to a secret trove of treasure.
 16632 | D:11     | 16632 ||| INVOKING Heroism.
 16644 | D:11     | Identified the +2 animal skin of Akheut {Int+6 Stlth+}
 16681 | D:11     | 16681 ||| Stepping ~*~*~tactically~*~*~ (stealth).
 16682 | D:11     | Found a staircase to the Orcish Mines.
 16684 | D:11     | 16684 ||| INVOKING Heroism.
 16857 | D:11     | 16857 ||| PLANNING D
 16903 | D:12     | 16903 ||| INVOKING Heroism.
 16904 | D:12     | 16904 ||| INVOKING Finesse.
 16915 | D:12     | Reached skill level 12 in Shields
 17026 | D:12     | 17026 ||| INVOKING Heroism.
 17028 | D:12     | 17028 ||| Stepping ~*~*~tactically~*~*~ (stealth).
 17039 | D:12     | 17039 ||| READING 8 scrolls of teleportation.
 17051 | D:12     | Gained mutation: You are dopey. (Int -2) [a neqoxec]
 17056 | D:12     | Gained mutation: You are very dopey. (Int -4) [a neqoxec]
 17122 | D:12     | 17122 ||| Stepping ~*~*~tactically~*~*~ (stealth).
 17126 | D:12     | 17126 ||| Stepping ~*~*~tactically~*~*~ (stealth).
 17129 | D:12     | 17129 ||| INVOKING Heroism.
 17134 | D:12     | 17134 ||| READING 7 scrolls of teleportation.
 17342 | D:12     | 17342 ||| INVOKING Heroism.
 17343 | D:12     | 17343 ||| INVOKING Finesse.
 17358 | D:12     | Reached skill level 6 in Throwing
 18251 | D:13     | 18251 ||| INVOKING Heroism.
 18252 | D:13     | 18252 ||| INVOKING Finesse.
 18313 | D:13     | Found a gate to the Vaults.
 18414 | D:13     | 18414 ||| Stepping ~*~*~tactically~*~*~ (stealth).
 18416 | D:13     | 18416 ||| Stepping ~*~*~tactically~*~*~ (stealth).
 18567 | D:13     | Found Thor's Dragon-Slaying Spoils.
 18576 | D:13     | 18576 ||| BUYING +0 gold dragon scales (1360 gold).
 18576 | D:13     | Bought +0 gold dragon scales for 1360 gold pieces
 18576 | D:13     | 18576 ||| SHOPLISTING +1 acid dragon scales (799 gold, have
                  | 388).
 18576 | D:13     | 18576 ||| SHOPLISTING +2 ice dragon scales (1224 gold, have
                  | 388).
 18576 | D:13     | 18576 ||| SHOPLISTING +2 shadow dragon scales (1564 gold,
                  | have 388).
 18576 | D:13     | 18576 ||| SHOPLISTING +3 fire dragon scales of the Game of
                  | Life {-Tele rF++ rC- rN++ Regen+ Slay+3} (1667 gold, have
                  | 388).
 18576 | D:13     | 18576 ||| SHOPLISTING +9 pearl dragon scales of Least
                  | Resistance {Contam Fly rN+ rCorr Dex-5} (2196 gold, have
                  | 388).
 18635 | D:13     | 18635 ||| DROPPING +0 ice dragon scales.
 18636 | D:13     | 18636 ||| UPGRADING to +0 gold dragon scales.
 18646 | D:13     | 18646 ||| DROPPING +0 plate armour.
 18647 | D:13     | 18647 ||| READING 2 scrolls labelled POACIGH OGAM.
 18648 | D:13     | 18648 ||| DROPPING scroll of blinking.
 18777 | D:14     | 18777 ||| INVOKING Heroism.
 19005 | D:14     | 19005 ||| Stepping ~*~*~tactically~*~*~ (hiding).
 19008 | D:14     | 19008 ||| INVOKING Heroism.
 19009 | D:14     | 19009 ||| SWAPPING to +0 demon whip of venom.
 19010 | D:14     | 19010 ||| INVOKING Finesse.
 19026 | D:14     | 19026 ||| SWAPPING to +2 vampiric broad axe.
 19072 | D:14     | 19072 ||| READING scroll of enchant armour.
 19072 | D:14     | 19072 ||| ENCHANTING +0 gold dragon scales.
 19240 | D:15     | Entered Level 15 of the Dungeon
 19365 | D:15     | 19365 ||| FLEEEEING.
 19366 | D:15     | 19366 ||| FLEEEEING.
 19428 | D:15     | Found a staircase to the Depths.
 19429 | D:15     | 19429 ||| INVOKING Heroism.
 19440 | D:15     | Reached skill level 12 in Armour
 19440 | D:15     | Reached XP level 15. HP: 94/94 MP: 20/22
 19536 | D:15     | 19536 ||| INVOKING Heroism.
 19552 | D:15     | Reached skill level 15 in Axes
 19572 | D:15     | 19572 ||| INVOKING Heroism.
 19576 | D:15     | Received a gift from Okawaru
 19618 | D:15     | 19618 ||| READING scroll of enchant weapon.
 19618 | D:15     | 19618 ||| ENCHANTING +2 vampiric broad axe.
 19730 | D:15     | 19730 ||| INVOKING Heroism.
 19733 | D:15     | 19733 ||| Stepping ~*~*~tactically~*~*~ (stealth).
 19753 | D:15     | 19753 ||| Stepping ~*~*~tactically~*~*~ (hiding).
 19763 | D:15     | 19763 ||| Stepping ~*~*~tactically~*~*~ (stealth).
 19959 | D:15     | 19959 ||| PLANNING ORC
 19959 | D:15     | 19959 ||| DROPPING +6 ring of intelligence.
 19960 | D:15     | 19960 ||| READING 12 scrolls of identify.
 19960 | D:15     | 19960 ||| IDENTIFYING golden potion
 19961 | D:15     | 19961 ||| DROPPING potion of ambrosia.
 20079 | Orc:1    | Entered Level 1 of the Orcish Mines
 20081 | Orc:1    | 20081 ||| INVOKING Heroism.
 20124 | Orc:1    | 20124 ||| INVOKING Heroism.
 20381 | Orc:2    | Entered Level 2 of the Orcish Mines
 20382 | Orc:2    | 20382 ||| INVOKING Heroism.
 20383 | Orc:2    | 20383 ||| STAIRDANCE
 20392 | Orc:2    | 20392 ||| STAIRDANCE
 20400 | Orc:2    | 20400 ||| STAIRDANCE
 20466 | Orc:2    | Found a staircase to the Elven Halls.
 20484 | Orc:2    | 20484 ||| Stepping ~*~*~tactically~*~*~ (stealth).
 20485 | Orc:2    | 20485 ||| INVOKING Heroism.
 20585 | Orc:2    | 20585 ||| Stepping ~*~*~tactically~*~*~ (stealth).
 20587 | Orc:2    | 20587 ||| Stepping ~*~*~tactically~*~*~ (hiding).
 20589 | Orc:2    | 20589 ||| INVOKING Heroism.
 20590 | Orc:2    | 20590 ||| Stepping ~*~*~tactically~*~*~ (hiding).
 20594 | Orc:2    | 20594 ||| Stepping ~*~*~tactically~*~*~ (hiding).
 20595 | Orc:2    | 20595 ||| Stepping ~*~*~tactically~*~*~ (hiding).
 20608 | Orc:2    | Noticed Blork the orc
 20611 | Orc:2    | Killed Blork the orc
 20618 | Orc:2    | 20618 ||| Stepping ~*~*~tactically~*~*~ (hiding).
 20621 | Orc:2    | 20621 ||| Stepping ~*~*~tactically~*~*~ (hiding).
 20624 | Orc:2    | 20624 ||| INVOKING Heroism.
 20644 | Orc:2    | Reached skill level 12 in Fighting
 20659 | Orc:2    | Noticed an orc warlord
 20660 | Orc:2    | 20660 ||| INVOKING Finesse.
 20667 | Orc:2    | Received a gift from Okawaru
 20680 | Orc:2    | 20680 ||| INVOKING Heroism.
 20699 | Orc:2    | Killed an orc warlord
 20727 | Orc:2    | 20727 ||| Stepping ~*~*~tactically~*~*~ (stealth).
 20729 | Orc:2    | 20729 ||| Stepping ~*~*~tactically~*~*~ (stealth).
 20730 | Orc:2    | 20730 ||| Stepping ~*~*~tactically~*~*~ (stealth).
 20748 | Orc:2    | Found Tuxzuoso's Antique Weapon Shop.
 20750 | Orc:2    | 20750 ||| INVOKING Heroism.
 20765 | Orc:2    | Found Ycec's General Store.
 20785 | Orc:2    | 20785 ||| Stepping ~*~*~tactically~*~*~ (stealth).
 20812 | Orc:2    | 20812 ||| BUYING runed morningstar (224 gold).
 20812 | Orc:2    | Bought a runed morningstar for 224 gold pieces
 20812 | Orc:2    | 20812 ||| DROPPING +2 morningstar of holy wrath.
 20829 | Orc:2    | 20829 ||| BUYING potion of curing (45 gold).
 20829 | Orc:2    | Bought a potion of curing for 45 gold pieces
 21119 | Orc:2    | Found Isotodoi's Book Shop.
 21134 | Orc:2    | Found Vebuik's Antique Armour Shop.
 21141 | Orc:2    | 21141 ||| BUYING pair of fine boots (256 gold).
 21141 | Orc:2    | Bought a pair of fine boots for 256 gold pieces
 21141 | Orc:2    | Identified the -1 pair of boots of the Blessed Realm {rPois
                  | rC- Int+4} (You bought it in a shop on level 2 of the
                  | Orcish Mines)
 21141 | Orc:2    | 21141 ||| BUYING shiny plate armour (702 gold).
 21141 | Orc:2    | Bought a shiny plate armour for 702 gold pieces
 21188 | Orc:2    | 21188 ||| DROPPING -1 pair of boots of the Blessed Realm
                  | {rPois rC- Int+4}.
 21189 | Orc:2    | 21189 ||| DROPPING +2 plate armour of cold resistance.
 21241 | Orc:1    | Found Qixeufiw's Distillery.
 21242 | Orc:1    | 21242 ||| INVOKING Heroism.
 21242 | Abyss:1  | Cast into level 1 of the Abyss (orc warrior)
 21271 | Abyss:1  | 21271 ||| INVOKING Heroism.
 21285 | Abyss:1  | Received a gift from Okawaru
 21286 | Abyss:1  | 21286 ||| INVOKING Heroism.
 21370 | Abyss:1  | Noticed a tentacled starspawn
 21370 | Abyss:1  | 21370 ||| Stepping ~*~*~tactically~*~*~ (stealth).
 21373 | Abyss:1  | 21373 ||| Stepping ~*~*~tactically~*~*~ (stealth).
 21375 | Abyss:1  | 21375 ||| Stepping ~*~*~tactically~*~*~ (stealth).
 21381 | Abyss:1  | Killed a tentacled starspawn
 21408 | Abyss:1  | 21408 ||| Stepping ~*~*~tactically~*~*~ (stealth).
 21423 | Abyss:1  | 21423 ||| Stepping ~*~*~tactically~*~*~ (stealth).
 21424 | Abyss:1  | 21424 ||| Stepping ~*~*~tactically~*~*~ (stealth).
 21425 | Abyss:1  | 21425 ||| Stepping ~*~*~tactically~*~*~ (stealth).
 21428 | Abyss:1  | 21428 ||| Stepping ~*~*~tactically~*~*~ (stealth).
 21429 | Abyss:1  | 21429 ||| Stepping ~*~*~tactically~*~*~ (stealth).
 21432 | Abyss:1  | 21432 ||| INVOKING Heroism.
 21439 | Abyss:1  | Noticed a tentacled starspawn
 21449 | Abyss:1  | Killed a tentacled starspawn
 21457 | Abyss:1  | Reached skill level 16 in Axes
 21464 | Abyss:1  | Noticed a tentacled starspawn
 21471 | Abyss:1  | Killed a tentacled starspawn
 21484 | Abyss:1  | 21484 ||| Stepping ~*~*~tactically~*~*~ (stealth).
 21489 | Abyss:1  | 21489 ||| Stepping ~*~*~tactically~*~*~ (stealth).
 21492 | Abyss:1  | 21492 ||| Stepping ~*~*~tactically~*~*~ (stealth).
 21494 | Abyss:1  | 21494 ||| Stepping ~*~*~tactically~*~*~ (stealth).
 21497 | Abyss:1  | 21497 ||| Stepping ~*~*~tactically~*~*~ (stealth).
 21548 | Abyss:1  | 21548 ||| Stepping ~*~*~tactically~*~*~ (stealth).
 21549 | Abyss:1  | 21549 ||| Stepping ~*~*~tactically~*~*~ (stealth).
 21567 | Abyss:1  | 21567 ||| INVOKING Heroism.
 21594 | Abyss:1  | 21594 ||| Stepping ~*~*~tactically~*~*~ (stealth).
 21596 | Abyss:1  | 21596 ||| Stepping ~*~*~tactically~*~*~ (stealth).
 21602 | Abyss:1  | 21602 ||| Stepping ~*~*~tactically~*~*~ (stealth).
 21603 | Abyss:1  | 21603 ||| Stepping ~*~*~tactically~*~*~ (stealth).
 21604 | Abyss:1  | 21604 ||| Stepping ~*~*~tactically~*~*~ (stealth).
 21605 | Abyss:1  | 21605 ||| Stepping ~*~*~tactically~*~*~ (stealth).
 21619 | Abyss:1  | 21619 ||| Stepping ~*~*~tactically~*~*~ (stealth).
 21662 | Abyss:1  | Paralysed by an air elemental for 1 turns
 21667 | Abyss:1  | Paralysed by an air elemental for 1 turns
 21671 | Abyss:1  | Paralysed by an air elemental for 1 turns
 21715 | Abyss:1  | 21715 ||| Stepping ~*~*~tactically~*~*~ (stealth).
 21766 | Abyss:1  | 21766 ||| Stepping ~*~*~tactically~*~*~ (stealth).
 21786 | Abyss:1  | 21786 ||| Stepping ~*~*~tactically~*~*~ (stealth).
 21787 | Abyss:1  | 21787 ||| Stepping ~*~*~tactically~*~*~ (stealth).
 21791 | Abyss:1  | 21791 ||| INVOKING Heroism.
 21806 | Abyss:1  | 21806 ||| Stepping ~*~*~tactically~*~*~ (stealth).
 21819 | Abyss:1  | Reached XP level 16. HP: 76/90 MP: 23/23
 21826 | Orc:1    | Escaped the Abyss
 21830 | Orc:1    | HP: 13/90 [orc warrior/+2 halberd of distortion (14)]
 21831 | Orc:1    | 21831 ||| READING 8 scrolls of teleportation.
 21832 | Orc:1    | Slain by an orc warrior

Levels and vault maps discovered:
D:1:      ebering_trefoil_3fold, layout_basic, shapermc_ecumenical_altar_petra
D:2:      layout_basic, corexii_item_surrounded_by_moat,
          uniq_crazy_yiuf_cottage, uniq_terence
D:3:      layout_loops_corners, lemuel_tele_altar, general_overflow_altar,
          elyvilon_altar_1, serial_glass, glass_columns_c, glass_columns_a,
          glass_columns_c, glass_columns_c, glass_columns_a, glass_columns_b,
          glass_columns_b, glass_columns_b, glass_columns_c, glass_columns_a,
          glass_columns_b, glass_columns_a, glass_columns_a, glass_columns_a
D:4:      layout_basic, lemuel_zombie_altar_kikubaaqudgha,
          okawaru_altar_gauntlet_db, gup_sewer_entry_spiral,
          due_unseen_surprise, uniq_grinder
D:5:      layout_basic, nicolae_ru_sacrificial_ziggurat,
          nemelex_xobeh_ov_fountains_minmay, lemuel_round_altar,
          lemuel_temple_firewalk_b, nicolae_take_the_stairs
D:6:      layout_loops_ring, dk_xom_monty_hall,
          nicolae_concentric_dashed_squares_wild, minmay_manual_monstrance
D:7:      layout_gridville, grunt_qazlal_clouds, serial_shops, shop,
          serial_bayou_crossing
D:8:      layout_rooms, lemuel_round_altar
D:9:      layout_loops_cross, overflow_temple_1_default,
          grunt_lair_entry_orc_guard_hut
D:10:     layout_irregular_city, mainiacjoe_overflow_cross_hatched
D:11:     layout_long_grid, erik_orc_1, gauntlet_entry_generic, enter_trove_5,
          hangedman_decor_push, uniq_amaemon
D:12:     kennysheep_blocky_hall, layout_loops_ring, kennysheep_flooded_box
D:13:     layout_loops_ring, david_vaults_4, nicolae_shop_dragon_depot
D:14:     layout_rooms, minmay_hedge_maze
D:15:     gammafunk_depths_entry_grave, layout_cave_pools,
          chequers_serial_rivers_micro_d
Lair:1:   statuecave_lemuel, layout_long_grid, lemuel_fruit_tree, uniq_sonja,
          uniq_joseph
Lair:2:   layout_hall_layers, palyth_hydra_swamp_entry, uniq_erica
Lair:3:   layout_gridlike, minmay_snake_entry_guardpost_medium,
          chequers_serial_rivers_small_b
Lair:4:   layout_gridlike, portal_ice_cave_rime, tgw_fedhas
Lair:5:   cheibrodos_lair_end_hotspot, layout_hall_layers,
          minmay_slime_entry_oklob_enclosed, serial_bayou_shore_a,
          infiniplex_staircase_pool
Orc:1:    layout_caves, serial_shops, shop, basic_altar,
          nicolae_orc_damp_corner, nicolae_orc_lost_temple
Orc:2:    grunt_orc_cross, layout_caves, basic_altar

Skill      XL: |  1  2  3  4  5  6  7  8  9 10 11 12 13 14 15 |
---------------+----------------------------------------------+-----
Axes           | 2 3 4 5 6 8 9 10 12 13 14 16 | 16.0
Fighting       | 5 6 7 8 9 10 11 12 | 12.0
Dodging        | 1 2 |  2.0
Invocations    | 2 4 6 10 | 10.0
Armour         | 4 5 7 9 10 12 13 | 13.0
Throwing       | 1 3 5 6 |  6.1
Shields        | 4 7 9 10 11 12 13 | 13.0

Action                   |  1- 3 |  4- 6 |  7- 9 | 10-12 | 13-15 | 16-18 || total
-------------------------+-------+-------+-------+-------+-------+-------++-------
Melee: War axe           |   103 |    83 |   167 |   402 |       |       ||   755
       Broad axe         |       |    32 |   213 |   227 |   937 |     8 ||  1417
       Flail             |       |       |       |    31 |       |       ||    31
       Morningstar       |       |       |       |       |    35 |       ||    35
       Demon whip        |       |       |       |       |    15 |       ||    15
Throw: Boomerang         |       |       |    18 |    43 |    11 |       ||    72
       Javelin           |       |       |       |    64 |   147 |       ||   211
Invok: Heroism           |       |       |    15 |    37 |    50 |       ||   102
       Finesse           |       |       |       |     4 |    13 |       ||    17
  Use: Scroll            |     2 |    15 |     3 |     6 |    12 |     1 ||    39
       Potion            |     1 |       |       |     1 |     1 |       ||     3
Armor: Scale mail        |    55 |    28 |       |       |       |       ||    83
       Chain mail        |       |    26 |   242 |    83 |       |       ||   351
       Plate armour      |       |       |       |   242 |   276 |       ||   518
       Gold dragon scale |       |       |       |       |   177 |     9 ||   186
Dodge: Dodged            |    52 |    46 |   144 |   148 |   171 |     2 ||   563
Block: Buckler           |    29 |    48 |   210 |    14 |       |       ||   301
       Reflection        |       |     7 |     4 |    11 |    21 |       ||    43
       Kite shield       |       |       |       |   469 |   661 |     7 ||  1137

Table legend:
 A = Non-vault XP
 B = Vault XP
 C = Vault XP percentage of total XP
 D = Non-vault monster count
 E = Vault monster count
 F = Vault count percentage of total count
                 A         B        C        D         E       F
            +---------+---------+-------+---------+---------+-------
      Total |   91954 |   37204 |  28.8 |     450 |     154 |  25.5
            +---------+---------+-------+---------+---------+-------
        D:1 |      39 |       0 |   0.0 |      16 |       0 |   0.0
        D:2 |      62 |      36 |  36.7 |      22 |       1 |   4.3
        D:3 |      58 |       0 |   0.0 |       9 |       0 |   0.0
        D:4 |      49 |     349 |  87.7 |       5 |      14 |  73.7
        D:5 |    1002 |       0 |   0.0 |      19 |       0 |   0.0
        D:6 |     737 |     293 |  28.4 |      19 |       6 |  24.0
        D:7 |    1253 |       0 |   0.0 |      24 |       0 |   0.0
        D:8 |    1306 |       0 |   0.0 |      26 |       0 |   0.0
        D:9 |    2362 |     960 |  28.9 |      27 |       6 |  18.2
       D:10 |    1371 |       0 |   0.0 |       8 |       0 |   0.0
       D:11 |    4737 |    2625 |  35.7 |      16 |      20 |  55.6
       D:12 |    4386 |    1528 |  25.8 |      14 |       4 |  22.2
       D:13 |    1692 |     946 |  35.9 |       7 |       2 |  22.2
       D:14 |    4825 |       0 |   0.0 |      12 |       0 |   0.0
       D:15 |   16353 |    4124 |  20.1 |      41 |       8 |  16.3
     Lair:1 |    3983 |    1115 |  21.9 |      20 |       2 |   9.1
     Lair:2 |    4975 |    3355 |  40.3 |      23 |       7 |  23.3
     Lair:3 |    5782 |     969 |  14.4 |      25 |       6 |  19.4
     Lair:4 |    8638 |     715 |   7.6 |      35 |       2 |   5.4
     Lair:5 |    7923 |    8956 |  53.1 |      23 |      27 |  54.0
      Orc:1 |     870 |       0 |   0.0 |      19 |       0 |   0.0
      Orc:2 |    2209 |    7206 |  76.5 |      10 |      37 |  78.7
    Abyss:1 |   17342 |       0 |   0.0 |      30 |       0 |   0.0
   Gauntlet |       0 |    4027 | 100.0 |       0 |      12 | 100.0
            +---------+---------+-------+---------+---------+-------
